Login

Chiefs vs Mongoloids

Created - January 21, 2024 at 12:13

Goals
1 2 3 T
Chiefs 0 2 0 2
Mongoloids 3 0 0 3
Shots
1 2 3 T
Chiefs 6 17 11 34
Mongoloids 12 6 9 27

GoalsPenalties
1st period
1. Mongoloids , Tyrian Lannister 8 (Jonathan Marchessault 8, David Perron 6) at 1:55 (PP)
2. Mongoloids , Tyrian Lannister 9 (David Perron 7, J.T. Miller 9) at 8:27 (PP)
3. Mongoloids , Tyrian Lannister 10 (John Tavares 17, Evgeni Malkin 19) at 15:37
Brad Marchand (GLA) for Tripping (Minor) at 1:25
Miro Heiskanen (GLA) for Elbowing (Minor) at 2:26
Jake DeBrusk (GLA) for High sticking (Minor) at 8:00
Austin Watson (ULA) for Hooking (Minor) at 9:09
Marc-Edouard Vlasic (GLA) for High sticking (Minor) at 17:06
2nd period
4. Chiefs , Leon Draisaitl 20 (Drew Doughty 7, Vincent Desharnais 7) at 3:55
5. Chiefs , Jake DeBrusk 9 (Brad Marchand 9, Max Domi 13) at 10:57
Rasmus Andersson (ULA) for Boarding (Minor) at 6:39
3rd period
No Goal
Casey Cizikas (GLA) for Holding (Minor) at 4:05
Markus Niemelainen (ULA) for Tripping (Minor) at 6:50
Frank Vatrano (GLA) for Hooking (Minor) at 9:09
Goalie Stats
Stuart Skinner (GLA), 24 saves from 27 shots - (0.889), L, 21-11-5, 58:46 minutes
Scott Wedgewood (ULA), 32 saves from 34 shots - (0.941), W, 3-4-1, 60:00 minutes
3 StarsOfficial
1 - Tyrian Lannister (ULA)
2 - Scott Wedgewood (ULA)
3 - Leon Draisaitl (GLA)
Referees : Unknown
Linesman : Unknown
Game Note
Tyrian Lannister has scored a Hat Trick!
Finance
Level 1 -- Attendance: 4387 (73.12%) -- Ticket Income $438,700
Level 2 -- Attendance: 3444 (68.88%) -- Ticket Income $206,640
Level 3 -- Attendance: 1437 (71.85%) -- Ticket Income $50,295
Level 4 -- Attendance: 3171 (79.28%) -- Ticket Income $79,275
Luxury Box -- Attendance: 1000 (100.00%) -- Ticket Income $200,000
Game was played at the The Yurt.
Total Attendance: 13439 (74.66%)
Total Ticket Income: $974,910
Other Income: $389,964
Total Income: $1,364,874



Team Name Goals Shots Shots Attemp Shots Blocked PIM HIT PP PK FO%
Chiefs 23460712210 / 3 (0%)253%
Mongoloids 3275286292 / 6 (33%)047%

Chiefs
Player Name POS G A P +/- PIM HIT SHT SB MP PP MP PP SHT PK MP PK SHT FO% FOT
Brad MarchandLW0111221013:540:0000:0000% 1
Casey CizikasC000-1211014:230:0000:01067% 15
Curtis LazarC/RW000100004:100:0000:000100% 1
Dave HuntLW/RW0000031019:203:0903:29125% 4
Drew DoughtyD0111010014:220:0001:2000% 0
Frank VatranoLW/RW000-1232014:450:0000:230100% 1
Ivan ProvorovD000-1022528:253:1625:2200% 0
Jake DeBruskLW/RW1011215016:422:4800:0000% 1
Jake MuzzinD000-1030014:590:0000:0000% 0
Jesse PuljujarviRW000000000:570:5700:0000% 0
Jordan EberleRW000100007:220:0003:12050% 2
Leon DraisaitlC/LW1011017027:095:0015:17049% 37
Marc-Edouard VlasicD0001212223:583:5213:2800% 0
Max DomiC/LW/RW0111016017:252:4810:42052% 23
Miro HeiskanenD0001210018:392:4103:3800% 0
Reilly SmithRW000-1013014:230:0000:000100% 3
Ryan Nugent-HopkinsC/LW0000003020:333:0914:4200% 0
Vincent DesharnaisD0111001019:352:0503:5800% 0
Mongoloids
Player Name POS G A P +/- PIM HIT SHT SB MP PP MP PP SHT PK MP PK SHT FO% FOT
Austin WatsonLW/RW000-1232013:190:1700:0000% 1
Brent BurnsD000-1042318:243:0900:0000% 0
Cal ClutterbuckRW000-1020013:140:1100:0000% 2
David PerronLW/RW022-1001018:594:4200:0000% 0
Dillon DubeC/RW000-1002013:030:0000:00023% 13
Drake BathersonLW/RW0001024019:344:1122:0300% 1
Evgeni MalkinC0111021025:444:0013:54050% 38
J.T. MillerC/LW011-1012119:454:4202:03062% 29
John TavaresC/LW0111033025:383:5413:540100% 1
Jonathan MarchessaultLW/RW011-1001017:424:4200:0000% 2
Markus NiemelainenD000-1220111:180:0000:0000% 0
Mattias EkholmD0000000215:154:1702:2400% 0
Michael MathesonD0001003028:235:4424:0300% 0
Ondrej PalatLW000000005:470:0000:0000% 1
Rasmus AnderssonD000-1240015:280:0001:3100% 0
Ryan LindgrenD000-1020011:420:0000:2300% 0
Tyrian LannisterD3031046119:284:3653:3300% 0
Yegor SharangovichC/LW/RW000000001:170:0000:0000% 0

Chiefs

5 vs 5 Forward
Line #Left WingCenterRight WingPHYDFOFWanted %Time %Time Play
1Ryan Nugent-HopkinsLeon DraisaitlDave Hunt1223027%11:51
2Brad MarchandMax DomiJake DeBrusk1222831%13:55
3Frank VatranoCasey CizikasReilly Smith1222632%14:23
4Curtis LazarLeon DraisaitlJordan Eberle122169%4:10
5 vs 5 Defense
Line #DefenseDefensePHYDFOFWanted %Time %Time Play
1Jake MuzzinIvan Provorov1223034%14:59
2Marc-Edouard VlasicMiro Heiskanen1222829%12:42
3Vincent DesharnaisDrew Doughty1222629%12:41
4Marc-Edouard VlasicIvan Provorov122169%3:57
Power Play Forward
Line #Left WingCenterRight WingPHYDFOFWanted %Time %Time Play
1Ryan Nugent-HopkinsLeon DraisaitlDave Hunt1225553%3:09
2Leon DraisaitlMax DomiJake DeBrusk1224547%2:48
Power Play Defense
Line #DefenseDefensePHYDFOFWanted %Time %Time Play
1Marc-Edouard VlasicIvan Provorov1225555%3:16
2Marc-Edouard VlasicMiro Heiskanen1224545%2:41
Penalty Kill 4 Players Forward
Line #CenterWingPHYDFOFWanted %Time %Time Play
1Leon DraisaitlRyan Nugent-Hopkins1225562%5:32
2Dave HuntLeon Draisaitl1224538%3:21
Penalty Kill 4 Players Defense
Line #DefenseDefensePHYDFOFWanted %Time %Time Play
1Marc-Edouard VlasicIvan Provorov1225544%3:56
2Marc-Edouard VlasicMiro Heiskanen1224556%4:57
Penalty Kill 3 Players
Line #WingPHYDFOFWanted %Time %Time PlayDefenseDefensePHYDFOFWanted %Time %Time Play
1Leon Draisaitl122550%0:00 Marc-Edouard VlasicIvan Provorov122550%0:00
2Ryan Nugent-Hopkins122450%0:00 Marc-Edouard VlasicMiro Heiskanen122450%0:00
4 vs 4 Forward
Line #CenterWingPHYDFOFWanted %Time %Time Play
1Leon DraisaitlRyan Nugent-Hopkins122550%0:00
2Dave HuntRyan Nugent-Hopkins122450%0:00
4 vs 4 Defense
Line #DefensePHYDFOFWanted %Time %Time Play
1Marc-Edouard VlasicIvan Provorov122550%0:00
2Marc-Edouard VlasicMiro Heiskanen122450%0:00
Last Minutes Offensive
Left WingCenterRight WingDefenseDefense
Ryan Nugent-HopkinsLeon DraisaitlDave HuntJake MuzzinIvan Provorov
Last Minutes Defensive
Left WingCenterRight WingDefenseDefense
Ryan Nugent-HopkinsLeon DraisaitlDave HuntJake MuzzinIvan Provorov
Time
Total ForwardTotal DefenseLast Minutes OffensiveLast Minutes Defensive
60:00 60:00 0:510:00
Extra Forwards
Normal PowerPlayPenalty Kill
Jesse Puljujarvi, Reilly Smith, Jordan EberleJesse Puljujarvi, Reilly SmithJordan Eberle
Extra Defensemen
Normal PowerPlayPenalty Kill
Vincent Desharnais, Ivan Provorov, Marc-Edouard VlasicVincent Desharnais, Ivan ProvorovMarc-Edouard Vlasic
Penalty Shots
Leon Draisaitl, Ryan Nugent-Hopkins, Dave Hunt, Reilly Smith, Jake DeBrusk
Goalie
Stuart Skinner, Cam Talbot
Custom OT Lines Forwards
Leon Draisaitl, Ryan Nugent-Hopkins, Dave Hunt, Jesse Puljujarvi, Jake DeBrusk, Max Domi, Reilly Smith, Jordan Eberle, Casey Cizikas, Frank Vatrano
Custom OT Lines Defensemen
Jake Muzzin, Ivan Provorov, Marc-Edouard Vlasic, Miro Heiskanen, Vincent Desharnais
Scratches
Brandon Davidson (Healthy), Josh Bailey (Healthy)

Mongoloids

5 vs 5 Forward
Line #Left WingCenterRight WingPHYDFOFWanted %Time %Time Play
1John TavaresEvgeni MalkinDrake Batherson1223028%12:29
2David PerronJ.T. MillerJonathan Marchessault1222829%13:00
3Austin WatsonDillon DubeCal Clutterbuck1222629%13:03
4Ondrej PalatEvgeni MalkinJohn Tavares1221613%5:47
5 vs 5 Defense
Line #DefenseDefensePHYDFOFWanted %Time %Time Play
1Tyrian LannisterMichael Matheson1223024%10:28
2Michael MathesonMattias Ekholm1222819%8:34
3Brent BurnsRasmus Andersson1222632%13:58
4Ryan LindgrenMarkus Niemelainen1221626%11:19
Power Play Forward
Line #Left WingCenterRight WingPHYDFOFWanted %Time %Time Play
1John TavaresEvgeni MalkinDrake Batherson1225547%4:11
2David PerronJ.T. MillerJonathan Marchessault1224553%4:42
Power Play Defense
Line #DefenseDefensePHYDFOFWanted %Time %Time Play
1Tyrian LannisterMichael Matheson1225552%4:36
2Michael MathesonMattias Ekholm1224548%4:17
Penalty Kill 4 Players Forward
Line #CenterWingPHYDFOFWanted %Time %Time Play
1Evgeni MalkinJohn Tavares1225566%3:54
2J.T. MillerDrake Batherson1224534%2:03
Penalty Kill 4 Players Defense
Line #DefenseDefensePHYDFOFWanted %Time %Time Play
1Tyrian LannisterMichael Matheson1225560%3:33
2Michael MathesonMattias Ekholm1224540%2:24
Penalty Kill 3 Players
Line #WingPHYDFOFWanted %Time %Time PlayDefenseDefensePHYDFOFWanted %Time %Time Play
1Evgeni Malkin122550%0:00 Tyrian LannisterMichael Matheson122550%0:00
2John Tavares122450%0:00 Michael MathesonMattias Ekholm122450%0:00
4 vs 4 Forward
Line #CenterWingPHYDFOFWanted %Time %Time Play
1Evgeni MalkinJohn Tavares122550%0:00
2J.T. MillerDrake Batherson122450%0:00
4 vs 4 Defense
Line #DefensePHYDFOFWanted %Time %Time Play
1Tyrian LannisterMichael Matheson122550%0:00
2Michael MathesonMattias Ekholm122450%0:00
Last Minutes Offensive
Left WingCenterRight WingDefenseDefense
John TavaresEvgeni MalkinDrake BathersonTyrian LannisterMichael Matheson
Last Minutes Defensive
Left WingCenterRight WingDefenseDefense
John TavaresEvgeni MalkinDrake BathersonTyrian LannisterMichael Matheson
Time
Total ForwardTotal DefenseLast Minutes OffensiveLast Minutes Defensive
60:00 60:00 0:000:51
Extra Forwards
Normal PowerPlayPenalty Kill
Austin Watson, Cal Clutterbuck, Ondrej PalatAustin Watson, Cal ClutterbuckOndrej Palat
Extra Defensemen
Normal PowerPlayPenalty Kill
Brent Burns, Rasmus Andersson, Ryan LindgrenBrent Burns, Rasmus AnderssonRyan Lindgren
Penalty Shots
Evgeni Malkin, John Tavares, J.T. Miller, Drake Batherson, David Perron
Goalie
Scott Wedgewood, Thatcher Demko
Custom OT Lines Forwards
Evgeni Malkin, John Tavares, J.T. Miller, Drake Batherson, David Perron, Jonathan Marchessault, Austin Watson, Cal Clutterbuck, Ondrej Palat, Dillon Dube
Custom OT Lines Defensemen
Tyrian Lannister, Rasmus Andersson, Michael Matheson, Mattias Ekholm, Brent Burns
Scratches
Adam Boqvist (Healthy), Jaroslav Halak (Healthy)


Play-by-Play

1st period


0:01 of 1st period - Evgeni Malkin wins face-off versus Leon Draisaitl in neutral zone.
0:11 of 1st period - Icing by Jake Muzzin.
0:12 of 1st period - J.T. Miller wins face-off versus Dave Hunt in Chiefs zone.
0:30 of 1st period - Icing by Ivan Provorov.
0:31 of 1st period - Leon Draisaitl wins face-off versus Cal Clutterbuck in Chiefs zone.
1:08 of 1st period - Off-side.
1:09 of 1st period - Max Domi wins face-off versus Ondrej Palat in neutral zone.
1:11 of 1st period - Miro Heiskanen is hit by John Tavares and loses puck.
1:25 of 1st period - Minor Penalty to Brad Marchand for Tripping.
1:26 of 1st period - J.T. Miller wins face-off versus Leon Draisaitl in Chiefs zone.
1:39 of 1st period - Shot by Tyrian Lannister.
1:39 of 1st period - Shot Misses the Net.
1:49 of 1st period - Shot by Tyrian Lannister.
1:49 of 1st period - Shot Misses the Net.
1:51 of 1st period - Shot by Jonathan Marchessault.
1:51 of 1st period - Shot Blocked by Marc-Edouard Vlasic.
1:53 of 1st period - Shot by Tyrian Lannister.
1:53 of 1st period - Shot Misses the Net.
1:55 of 1st period - Shot by Tyrian Lannister.
1:55 of 1st period - Goal by Tyrian Lannister - Chiefs : 0 - Mongoloids : 1.
1:56 of 1st period - Reilly Smith wins face-off versus Evgeni Malkin in neutral zone.
2:23 of 1st period - Shot by Drake Batherson.
2:23 of 1st period - Stopped by Stuart Skinner without a rebound.
2:24 of 1st period - J.T. Miller wins face-off versus Max Domi in Chiefs zone.
2:26 of 1st period - Minor Penalty to Miro Heiskanen for Elbowing.
2:27 of 1st period - J.T. Miller wins face-off versus Leon Draisaitl in Chiefs zone.
4:15 of 1st period - Shot by Evgeni Malkin.
4:15 of 1st period - Stopped by Stuart Skinner without a rebound.
4:16 of 1st period - Evgeni Malkin wins face-off versus Jordan Eberle in Chiefs zone.
4:17 of 1st period - Shot by Tyrian Lannister.
4:17 of 1st period - Shot Blocked by Marc-Edouard Vlasic.
4:19 of 1st period - Shot by Drake Batherson.
4:19 of 1st period - Stopped by Stuart Skinner with a rebound.
4:21 of 1st period - Shot by John Tavares.
4:21 of 1st period - Stopped by Stuart Skinner without a rebound.
4:22 of 1st period - Jordan Eberle wins face-off versus Evgeni Malkin in Chiefs zone.
4:43 of 1st period - Miro Heiskanen is hit by Ryan Lindgren and loses puck.
4:56 of 1st period - Max Domi is hit by Markus Niemelainen and loses puck.
5:01 of 1st period - Shot by Jake DeBrusk.
5:01 of 1st period - Stopped by Scott Wedgewood without a rebound.
5:02 of 1st period - Casey Cizikas wins face-off versus Evgeni Malkin in Mongoloids zone.
5:11 of 1st period - Shot by Reilly Smith.
5:11 of 1st period - Shot Blocked by Brent Burns.
5:53 of 1st period - Icing by Casey Cizikas.
5:54 of 1st period - Casey Cizikas wins face-off versus J.T. Miller in Chiefs zone.
6:59 of 1st period - Icing by Marc-Edouard Vlasic.
7:00 of 1st period - Evgeni Malkin wins face-off versus Max Domi in Chiefs zone.
7:00 of 1st period - Rasmus Andersson is hit by Marc-Edouard Vlasic and loses puck.
7:36 of 1st period - Shot by Jake DeBrusk.
7:36 of 1st period - Shot Misses the Net.
7:43 of 1st period - Evgeni Malkin is hit by Jake DeBrusk and loses puck.
7:59 of 1st period - Rasmus Andersson is hit by Brad Marchand and loses puck.
8:00 of 1st period - Minor Penalty to Jake DeBrusk for High sticking.
8:01 of 1st period - J.T. Miller wins face-off versus Leon Draisaitl in Chiefs zone.
8:02 of 1st period - Shot by Tyrian Lannister.
8:02 of 1st period - Shot Misses the Net.
8:06 of 1st period - Shot by Michael Matheson.
8:06 of 1st period - Stopped by Stuart Skinner with a rebound.
8:08 of 1st period - Shot by Tyrian Lannister.
8:08 of 1st period - Shot Blocked by Ivan Provorov.
8:10 of 1st period - Shot by Michael Matheson.
8:10 of 1st period - Stopped by Stuart Skinner without a rebound.
8:11 of 1st period - Leon Draisaitl wins face-off versus Jonathan Marchessault in Chiefs zone.
8:11 of 1st period - Leon Draisaitl is hit by J.T. Miller.
8:27 of 1st period - Shot by Tyrian Lannister.
8:27 of 1st period - Goal by Tyrian Lannister - Chiefs : 0 - Mongoloids : 2.
8:28 of 1st period - Frank Vatrano wins face-off versus Dillon Dube in neutral zone.
8:31 of 1st period - Austin Watson is hit by Frank Vatrano and loses puck.
8:57 of 1st period - Casey Cizikas is hit by Austin Watson and loses puck.
9:09 of 1st period - Minor Penalty to Austin Watson for Hooking.
9:10 of 1st period - Evgeni Malkin wins face-off versus Leon Draisaitl in Mongoloids zone.
10:00 of 1st period - Icing by Miro Heiskanen.
10:01 of 1st period - Max Domi wins face-off versus Evgeni Malkin in Chiefs zone.
10:54 of 1st period - Shot by Ivan Provorov.
10:54 of 1st period - Stopped by Scott Wedgewood without a rebound.
10:55 of 1st period - J.T. Miller wins face-off versus Max Domi in Mongoloids zone.
11:26 of 1st period - Ryan Lindgren is hit by Jake Muzzin.
11:34 of 1st period - Cal Clutterbuck is hit by Casey Cizikas and loses puck.
11:39 of 1st period - Shot by Frank Vatrano.
11:39 of 1st period - Stopped by Scott Wedgewood without a rebound.
11:40 of 1st period - J.T. Miller wins face-off versus Max Domi in Mongoloids zone.
11:49 of 1st period - Shot by Rasmus Andersson.
11:49 of 1st period - Shot Misses the Net.
11:57 of 1st period - Shot by David Perron.
11:57 of 1st period - Shot Misses the Net.
11:59 of 1st period - Shot by J.T. Miller.
11:59 of 1st period - Stopped by Stuart Skinner without a rebound.
12:00 of 1st period - Leon Draisaitl wins face-off versus Evgeni Malkin in Chiefs zone.
12:21 of 1st period - Shot by Leon Draisaitl.
12:21 of 1st period - Stopped by Scott Wedgewood without a rebound.
12:22 of 1st period - Casey Cizikas wins face-off versus J.T. Miller in Mongoloids zone.
12:39 of 1st period - Shot by J.T. Miller.
12:39 of 1st period - Shot Blocked by Ivan Provorov.
13:21 of 1st period - Icing by Leon Draisaitl.
13:22 of 1st period - Evgeni Malkin wins face-off versus Leon Draisaitl in Chiefs zone.
14:15 of 1st period - Icing by Miro Heiskanen.
14:16 of 1st period - Leon Draisaitl wins face-off versus Dillon Dube in Chiefs zone.
14:34 of 1st period - Shot by Cal Clutterbuck.
14:34 of 1st period - Shot Misses the Net.
14:38 of 1st period - Shot by Ryan Lindgren.
14:38 of 1st period - Deflect By Dillon Dube.
14:38 of 1st period - Stopped by Stuart Skinner without a rebound.
14:39 of 1st period - J.T. Miller wins face-off versus Max Domi in Chiefs zone.
14:50 of 1st period - Shot by Brad Marchand.
14:50 of 1st period - Shot Blocked by Brent Burns.
15:07 of 1st period - Shot by J.T. Miller.
15:07 of 1st period - Deflect By David Perron.
15:07 of 1st period - Stopped by Stuart Skinner without a rebound.
15:08 of 1st period - Evgeni Malkin wins face-off versus Casey Cizikas in Chiefs zone.
15:08 of 1st period - Tyrian Lannister is hit by Ivan Provorov and loses puck.
15:26 of 1st period - Michael Matheson is hit by Jake Muzzin and loses puck.
15:35 of 1st period - Shot by Evgeni Malkin.
15:35 of 1st period - Deflect By John Tavares.
15:35 of 1st period - Shot Misses the Net.
15:37 of 1st period - Shot by Tyrian Lannister.
15:37 of 1st period - Goal by Tyrian Lannister - Chiefs : 0 - Mongoloids : 3.
15:38 of 1st period - J.T. Miller wins face-off versus Max Domi in neutral zone.
15:40 of 1st period - Off-side.
15:41 of 1st period - J.T. Miller wins face-off versus Max Domi in neutral zone.
16:06 of 1st period - Shot by Brad Marchand.
16:06 of 1st period - Stopped by Scott Wedgewood with a rebound.
16:08 of 1st period - Shot by Jake DeBrusk.
16:08 of 1st period - Shot Misses the Net.
17:06 of 1st period - Minor Penalty to Marc-Edouard Vlasic for High sticking.
17:07 of 1st period - Evgeni Malkin wins face-off versus Leon Draisaitl in Chiefs zone.
17:37 of 1st period - Shot by Dave Hunt.
17:37 of 1st period - Stopped by Scott Wedgewood without a rebound.
17:38 of 1st period - J.T. Miller wins face-off versus Leon Draisaitl in Mongoloids zone.
18:30 of 1st period - Shot by Mattias Ekholm.
18:30 of 1st period - Shot Misses the Net.
19:26 of 1st period - Icing by Markus Niemelainen.
19:27 of 1st period - Dillon Dube wins face-off versus Casey Cizikas in Mongoloids zone.
19:27 of 1st period - Dillon Dube is hit by Frank Vatrano.
19:30 of 1st period - Ryan Lindgren is hit by Reilly Smith.
19:53 of 1st period - Off-side.
19:54 of 1st period - J.T. Miller wins face-off versus Brad Marchand in neutral zone.
19:54 of 1st period - J.T. Miller is hit by Max Domi.
Goals for this period are 0 for Chiefs vs 3 for Mongoloids.
Shots for this period are 6 for Chiefs vs 12 for Mongoloids.

2nd period


0:01 of 2nd period - Evgeni Malkin wins face-off versus Leon Draisaitl in neutral zone.
0:35 of 2nd period - Shot by Ryan Nugent-Hopkins.
0:35 of 2nd period - Stopped by Scott Wedgewood without a rebound.
0:36 of 2nd period - Max Domi wins face-off versus J.T. Miller in Mongoloids zone.
0:58 of 2nd period - Max Domi is hit by Brent Burns and loses puck.
1:15 of 2nd period - Shot by Brent Burns.
1:15 of 2nd period - Stopped by Stuart Skinner without a rebound.
1:16 of 2nd period - Leon Draisaitl wins face-off versus Dillon Dube in Chiefs zone.
1:16 of 2nd period - Leon Draisaitl is hit by Cal Clutterbuck.
1:23 of 2nd period - Ryan Nugent-Hopkins is hit by Tyrian Lannister and loses puck.
1:35 of 2nd period - Off-side.
1:36 of 2nd period - Casey Cizikas wins face-off versus Evgeni Malkin in neutral zone.
1:50 of 2nd period - Shot by Reilly Smith.
1:50 of 2nd period - Stopped by Scott Wedgewood without a rebound.
1:51 of 2nd period - J.T. Miller wins face-off versus Leon Draisaitl in Mongoloids zone.
1:51 of 2nd period - J.T. Miller is hit by Leon Draisaitl.
3:03 of 2nd period - Shot by Jake DeBrusk.
3:03 of 2nd period - Shot Misses the Net.
3:05 of 2nd period - Shot by Vincent Desharnais.
3:05 of 2nd period - Shot Blocked by Tyrian Lannister.
3:07 of 2nd period - Shot by Max Domi.
3:07 of 2nd period - Stopped by Scott Wedgewood with a rebound.
3:09 of 2nd period - Shot by Vincent Desharnais.
3:09 of 2nd period - Stopped by Scott Wedgewood without a rebound.
3:10 of 2nd period - Reilly Smith wins face-off versus Evgeni Malkin in Mongoloids zone.
3:11 of 2nd period - Shot by Casey Cizikas.
3:11 of 2nd period - Shot Misses the Net.
3:39 of 2nd period - Shot by Evgeni Malkin.
3:39 of 2nd period - Deflect By John Tavares.
3:39 of 2nd period - Stopped by Stuart Skinner without a rebound.
3:40 of 2nd period - Leon Draisaitl wins face-off versus Dillon Dube in Chiefs zone.
3:40 of 2nd period - Leon Draisaitl is hit by Cal Clutterbuck.
3:55 of 2nd period - Shot by Leon Draisaitl.
3:55 of 2nd period - Goal by Leon Draisaitl - Chiefs : 1 - Mongoloids : 3.
3:56 of 2nd period - Max Domi wins face-off versus Evgeni Malkin in neutral zone.
3:56 of 2nd period - Brad Marchand is hit by Evgeni Malkin and loses puck.
4:10 of 2nd period - Max Domi is hit by Rasmus Andersson and loses puck.
4:26 of 2nd period - Max Domi is hit by Rasmus Andersson and loses puck.
4:59 of 2nd period - Shot by Austin Watson.
4:59 of 2nd period - Shot Misses the Net.
5:01 of 2nd period - Shot by Michael Matheson.
5:01 of 2nd period - Stopped by Stuart Skinner without a rebound.
5:02 of 2nd period - J.T. Miller wins face-off versus Casey Cizikas in Chiefs zone.
5:05 of 2nd period - Shot by Tyrian Lannister.
5:05 of 2nd period - Shot Misses the Net.
5:07 of 2nd period - Shot by J.T. Miller.
5:07 of 2nd period - Stopped by Stuart Skinner without a rebound.
5:08 of 2nd period - Leon Draisaitl wins face-off versus Cal Clutterbuck in Chiefs zone.
5:19 of 2nd period - Shot by Austin Watson.
5:19 of 2nd period - Stopped by Stuart Skinner without a rebound.
5:20 of 2nd period - Casey Cizikas wins face-off versus J.T. Miller in Chiefs zone.
6:19 of 2nd period - Leon Draisaitl is hit by Brent Burns and loses puck.
6:39 of 2nd period - Minor Penalty to Rasmus Andersson for Boarding.
6:40 of 2nd period - Max Domi wins face-off versus Evgeni Malkin in Mongoloids zone.
6:41 of 2nd period - Shot by Leon Draisaitl.
6:41 of 2nd period - Shot Blocked by Mattias Ekholm.
6:43 of 2nd period - Shot by Ivan Provorov.
6:43 of 2nd period - Stopped by Scott Wedgewood without a rebound.
6:44 of 2nd period - Leon Draisaitl wins face-off versus Evgeni Malkin in Mongoloids zone.
6:45 of 2nd period - Shot by Max Domi.
6:45 of 2nd period - Stopped by Scott Wedgewood without a rebound.
6:46 of 2nd period - Evgeni Malkin wins face-off versus Jake DeBrusk in Mongoloids zone.
6:53 of 2nd period - Icing by Marc-Edouard Vlasic.
6:54 of 2nd period - Max Domi wins face-off versus Evgeni Malkin in Chiefs zone.
6:54 of 2nd period - Max Domi is hit by John Tavares.
7:10 of 2nd period - Icing by Marc-Edouard Vlasic.
7:11 of 2nd period - Max Domi wins face-off versus Evgeni Malkin in Chiefs zone.
7:28 of 2nd period - Shot by J.T. Miller.
7:28 of 2nd period - Shot Misses the Net.
7:33 of 2nd period - Icing by Ivan Provorov.
7:34 of 2nd period - Max Domi wins face-off versus Evgeni Malkin in Chiefs zone.
7:47 of 2nd period - Shot by Leon Draisaitl.
7:47 of 2nd period - Stopped by Scott Wedgewood without a rebound.
7:48 of 2nd period - Leon Draisaitl wins face-off versus J.T. Miller in Mongoloids zone.
9:52 of 2nd period - Shot by Jake DeBrusk.
9:52 of 2nd period - Stopped by Scott Wedgewood without a rebound.
9:53 of 2nd period - Evgeni Malkin wins face-off versus Max Domi in Mongoloids zone.
9:55 of 2nd period - Mattias Ekholm is hit by Brad Marchand and loses puck.
10:06 of 2nd period - Shot by Evgeni Malkin.
10:06 of 2nd period - Shot Misses the Net.
10:13 of 2nd period - Off-side.
10:14 of 2nd period - Leon Draisaitl wins face-off versus J.T. Miller in neutral zone.
10:51 of 2nd period - Icing by Brent Burns.
10:52 of 2nd period - Max Domi wins face-off versus J.T. Miller in Mongoloids zone.
10:52 of 2nd period - Jake DeBrusk is hit by Brent Burns and loses puck.
10:57 of 2nd period - Shot by Jake DeBrusk.
10:57 of 2nd period - Goal by Jake DeBrusk - Chiefs : 2 - Mongoloids : 3.
10:58 of 2nd period - Evgeni Malkin wins face-off versus Max Domi in neutral zone.
11:03 of 2nd period - Shot by Drake Batherson.
11:03 of 2nd period - Stopped by Stuart Skinner with a rebound.
11:13 of 2nd period - Shot by Jake DeBrusk.
11:13 of 2nd period - Stopped by Scott Wedgewood without a rebound.
11:14 of 2nd period - Dillon Dube wins face-off versus Casey Cizikas in Mongoloids zone.
12:26 of 2nd period - Shot by Miro Heiskanen.
12:26 of 2nd period - Shot Blocked by Mattias Ekholm.
12:43 of 2nd period - Icing by Miro Heiskanen.
12:44 of 2nd period - J.T. Miller wins face-off versus Leon Draisaitl in Chiefs zone.
12:44 of 2nd period - Brent Burns is hit by Miro Heiskanen and loses puck.
12:51 of 2nd period - Shot by Leon Draisaitl.
12:51 of 2nd period - Stopped by Scott Wedgewood without a rebound.
12:52 of 2nd period - Max Domi wins face-off versus Jonathan Marchessault in Mongoloids zone.
13:01 of 2nd period - Shot by Jake DeBrusk.
13:01 of 2nd period - Shot Misses the Net.
13:03 of 2nd period - Shot by Vincent Desharnais.
13:03 of 2nd period - Shot Misses the Net.
13:05 of 2nd period - Shot by Jake DeBrusk.
13:05 of 2nd period - Shot Misses the Net.
13:07 of 2nd period - Shot by Vincent Desharnais.
13:07 of 2nd period - Shot Misses the Net.
13:15 of 2nd period - Shot by Brad Marchand.
13:15 of 2nd period - Shot Blocked by Brent Burns.
13:19 of 2nd period - Shot by Max Domi.
13:19 of 2nd period - Stopped by Scott Wedgewood without a rebound.
13:20 of 2nd period - Casey Cizikas wins face-off versus Dillon Dube in Mongoloids zone.
15:21 of 2nd period - Shot by Miro Heiskanen.
15:21 of 2nd period - Shot Misses the Net.
15:35 of 2nd period - Shot by Leon Draisaitl.
15:35 of 2nd period - Stopped by Scott Wedgewood without a rebound.
15:36 of 2nd period - Evgeni Malkin wins face-off versus Max Domi in Mongoloids zone.
16:23 of 2nd period - Icing by Ondrej Palat.
16:24 of 2nd period - Evgeni Malkin wins face-off versus Leon Draisaitl in Mongoloids zone.
16:29 of 2nd period - Dave Hunt is hit by Evgeni Malkin and loses puck.
17:00 of 2nd period - Shot by Leon Draisaitl.
17:00 of 2nd period - Shot Misses the Net.
17:02 of 2nd period - Shot by Ryan Nugent-Hopkins.
17:02 of 2nd period - Stopped by Scott Wedgewood without a rebound.
17:03 of 2nd period - Curtis Lazar wins face-off versus J.T. Miller in Mongoloids zone.
17:28 of 2nd period - Shot by Leon Draisaitl.
17:28 of 2nd period - Stopped by Scott Wedgewood with a rebound.
17:58 of 2nd period - Shot by Max Domi.
17:58 of 2nd period - Stopped by Scott Wedgewood without a rebound.
17:59 of 2nd period - Casey Cizikas wins face-off versus Dillon Dube in Mongoloids zone.
18:33 of 2nd period - Shot by Cal Clutterbuck.
18:33 of 2nd period - Shot Misses the Net.
18:38 of 2nd period - Dillon Dube is hit by Jake Muzzin and loses puck.
18:46 of 2nd period - Icing by Ivan Provorov.
18:47 of 2nd period - Evgeni Malkin wins face-off versus Casey Cizikas in Chiefs zone.
19:06 of 2nd period - Shot by Evgeni Malkin.
19:06 of 2nd period - Shot Blocked by Ivan Provorov.
Goals for this period are 2 for Chiefs vs 0 for Mongoloids.
Shots for this period are 17 for Chiefs vs 6 for Mongoloids.

3rd period


0:01 of 3rd period - Leon Draisaitl wins face-off versus Evgeni Malkin in neutral zone.
0:04 of 3rd period - Michael Matheson is hit by Dave Hunt and loses puck.
0:31 of 3rd period - Shot by Evgeni Malkin.
0:31 of 3rd period - Shot Misses the Net.
0:33 of 3rd period - Shot by Drake Batherson.
0:33 of 3rd period - Shot Blocked by Ivan Provorov.
1:09 of 3rd period - Shot by Jake DeBrusk.
1:09 of 3rd period - Stopped by Scott Wedgewood without a rebound.
1:10 of 3rd period - Reilly Smith wins face-off versus Austin Watson in Mongoloids zone.
1:13 of 3rd period - Shot by Frank Vatrano.
1:13 of 3rd period - Deflect By Reilly Smith.
1:13 of 3rd period - Stopped by Scott Wedgewood without a rebound.
1:14 of 3rd period - Casey Cizikas wins face-off versus Dillon Dube in Mongoloids zone.
1:14 of 3rd period - Drew Doughty is hit by Rasmus Andersson and loses puck.
1:19 of 3rd period - Shot by Frank Vatrano.
1:19 of 3rd period - Stopped by Scott Wedgewood without a rebound.
1:20 of 3rd period - Dillon Dube wins face-off versus Max Domi in Mongoloids zone.
1:25 of 3rd period - Ivan Provorov is hit by Austin Watson.
2:22 of 3rd period - Shot by David Perron.
2:22 of 3rd period - Deflect By Jonathan Marchessault.
2:22 of 3rd period - Stopped by Stuart Skinner without a rebound.
2:23 of 3rd period - Evgeni Malkin wins face-off versus Dave Hunt in Chiefs zone.
2:48 of 3rd period - Shot by Leon Draisaitl.
2:48 of 3rd period - Shot Misses the Net.
2:50 of 3rd period - Shot by Marc-Edouard Vlasic.
2:50 of 3rd period - Stopped by Scott Wedgewood with a rebound.
3:37 of 3rd period - Jonathan Marchessault is hit by Frank Vatrano and loses puck.
3:46 of 3rd period - Shot by Reilly Smith.
3:46 of 3rd period - Shot Blocked by J.T. Miller.
3:48 of 3rd period - Shot by Reilly Smith.
3:48 of 3rd period - Stopped by Scott Wedgewood with a rebound.
3:50 of 3rd period - Shot by Casey Cizikas.
3:50 of 3rd period - Stopped by Scott Wedgewood with a rebound.
4:05 of 3rd period - Minor Penalty to Casey Cizikas for Holding.
4:06 of 3rd period - Leon Draisaitl wins face-off versus Evgeni Malkin in Chiefs zone.
4:06 of 3rd period - Leon Draisaitl is hit by Drake Batherson.
4:26 of 3rd period - Shot by Tyrian Lannister.
4:26 of 3rd period - Stopped by Stuart Skinner with a rebound.
4:55 of 3rd period - Shot by Brent Burns.
4:55 of 3rd period - Shot Misses the Net.
5:38 of 3rd period - Shot by Tyrian Lannister.
5:38 of 3rd period - Stopped by Stuart Skinner without a rebound.
5:39 of 3rd period - Leon Draisaitl wins face-off versus Evgeni Malkin in Chiefs zone.
5:52 of 3rd period - Shot by Drake Batherson.
5:52 of 3rd period - Stopped by Stuart Skinner without a rebound.
5:53 of 3rd period - Evgeni Malkin wins face-off versus Leon Draisaitl in Chiefs zone.
5:58 of 3rd period - Shot by Tyrian Lannister.
5:58 of 3rd period - Stopped by Stuart Skinner without a rebound.
5:59 of 3rd period - Dave Hunt wins face-off versus J.T. Miller in Chiefs zone.
6:07 of 3rd period - Off-side.
6:08 of 3rd period - Max Domi wins face-off versus Dillon Dube in neutral zone.
6:15 of 3rd period - Shot by Brad Marchand.
6:15 of 3rd period - Shot Blocked by Markus Niemelainen.
6:36 of 3rd period - Cal Clutterbuck is hit by Drew Doughty and loses puck.
6:50 of 3rd period - Minor Penalty to Markus Niemelainen for Tripping.
6:51 of 3rd period - Evgeni Malkin wins face-off versus Leon Draisaitl in Mongoloids zone.
7:11 of 3rd period - Off-side.
7:12 of 3rd period - John Tavares wins face-off versus Leon Draisaitl in neutral zone.
7:18 of 3rd period - Icing by Marc-Edouard Vlasic.
7:19 of 3rd period - Leon Draisaitl wins face-off versus Evgeni Malkin in Chiefs zone.
7:26 of 3rd period - Michael Matheson is hit by Dave Hunt.
7:43 of 3rd period - Shot by Ryan Nugent-Hopkins.
7:43 of 3rd period - Shot Misses the Net.
7:45 of 3rd period - Shot by Marc-Edouard Vlasic.
7:45 of 3rd period - Stopped by Scott Wedgewood without a rebound.
7:46 of 3rd period - J.T. Miller wins face-off versus Leon Draisaitl in Mongoloids zone.
7:59 of 3rd period - Shot by Jake DeBrusk.
7:59 of 3rd period - Shot Misses the Net.
8:29 of 3rd period - Shot by Miro Heiskanen.
8:29 of 3rd period - Shot Misses the Net.
8:31 of 3rd period - Shot by Ryan Nugent-Hopkins.
8:31 of 3rd period - Stopped by Scott Wedgewood without a rebound.
8:32 of 3rd period - Leon Draisaitl wins face-off versus J.T. Miller in Mongoloids zone.
9:09 of 3rd period - Minor Penalty to Frank Vatrano for Hooking.
9:10 of 3rd period - J.T. Miller wins face-off versus Leon Draisaitl in Chiefs zone.
10:02 of 3rd period - Icing by Brent Burns.
10:03 of 3rd period - Evgeni Malkin wins face-off versus Dave Hunt in Mongoloids zone.
10:34 of 3rd period - Leon Draisaitl is hit by John Tavares and loses puck.
11:28 of 3rd period - Shot by Austin Watson.
11:28 of 3rd period - Stopped by Stuart Skinner with a rebound.
11:39 of 3rd period - Icing by Cal Clutterbuck.
11:40 of 3rd period - Casey Cizikas wins face-off versus Dillon Dube in Mongoloids zone.
11:40 of 3rd period - Drew Doughty is hit by Ryan Lindgren and loses puck.
12:47 of 3rd period - Icing by Rasmus Andersson.
12:48 of 3rd period - Leon Draisaitl wins face-off versus J.T. Miller in Mongoloids zone.
12:48 of 3rd period - Ryan Nugent-Hopkins is hit by Rasmus Andersson and loses puck.
12:52 of 3rd period - Icing by Rasmus Andersson.
12:53 of 3rd period - J.T. Miller wins face-off versus Leon Draisaitl in Mongoloids zone.
12:53 of 3rd period - J.T. Miller is hit by Dave Hunt.
12:59 of 3rd period - Shot by Brent Burns.
12:59 of 3rd period - Stopped by Stuart Skinner without a rebound.
13:00 of 3rd period - Leon Draisaitl wins face-off versus Evgeni Malkin in Chiefs zone.
13:00 of 3rd period - Ryan Nugent-Hopkins is hit by Drake Batherson.
13:28 of 3rd period - Shot by Leon Draisaitl.
13:28 of 3rd period - Stopped by Scott Wedgewood with a rebound.
13:30 of 3rd period - Shot by Ryan Nugent-Hopkins.
13:30 of 3rd period - Shot Misses the Net.
13:35 of 3rd period - Ryan Nugent-Hopkins is hit by Tyrian Lannister.
13:52 of 3rd period - Max Domi is hit by Tyrian Lannister and loses puck.
13:58 of 3rd period - Icing by Tyrian Lannister.
13:59 of 3rd period - Casey Cizikas wins face-off versus Evgeni Malkin in Mongoloids zone.
14:21 of 3rd period - Casey Cizikas is hit by Tyrian Lannister and loses puck.
15:49 of 3rd period - Ryan Nugent-Hopkins is hit by Markus Niemelainen and loses puck.
16:02 of 3rd period - Shot by Dillon Dube.
16:02 of 3rd period - Stopped by Stuart Skinner with a rebound.
16:04 of 3rd period - Shot by Dillon Dube.
16:04 of 3rd period - Shot Misses the Net.
16:06 of 3rd period - Shot by Ryan Lindgren.
16:06 of 3rd period - Shot Misses the Net.
17:01 of 3rd period - Frank Vatrano is hit by Brent Burns and loses puck.
17:33 of 3rd period - Shot by Brad Marchand.
17:33 of 3rd period - Shot Misses the Net.
17:35 of 3rd period - Shot by Max Domi.
17:35 of 3rd period - Stopped by Scott Wedgewood without a rebound.
17:36 of 3rd period - Leon Draisaitl wins face-off versus Dillon Dube in Mongoloids zone.
18:11 of 3rd period - Curtis Lazar is hit by Austin Watson and loses puck.
18:38 of 3rd period - Shot by John Tavares.
18:38 of 3rd period - Stopped by Stuart Skinner without a rebound.
18:39 of 3rd period - Max Domi wins face-off versus Drake Batherson in Chiefs zone.
18:46 of 3rd period - Chiefs, Stuart Skinner is pulled from the net.
18:48 of 3rd period - Shot by Brad Marchand.
18:48 of 3rd period - Shot Misses the Net.
19:08 of 3rd period - Shot by Max Domi.
19:08 of 3rd period - Stopped by Scott Wedgewood without a rebound.
19:09 of 3rd period - Evgeni Malkin wins face-off versus Leon Draisaitl in Mongoloids zone.
19:20 of 3rd period - Shot by John Tavares.
19:20 of 3rd period - Shot Blocked by Ivan Provorov.
19:37 of 3rd period - John Tavares is hit by Ivan Provorov and loses puck.
19:59 of 3rd period - Shot by Leon Draisaitl.
19:59 of 3rd period - Deflect By Dave Hunt.
19:59 of 3rd period - Shot Misses the Net.
Goals for this period are 0 for Chiefs vs 0 for Mongoloids.
Shots for this period are 11 for Chiefs vs 9 for Mongoloids.